Map: Inferno Pools (Void)

Players

IlIIlIlIlIIl

  • Race: Terran Terran
  • League: Grandmaster

A.I. 2 (Easy) - Winner!

  • Race: Zerg Zerg

A.I. 3 (Easy) - Winner!

  • Race: Zerg Zerg

VOD

Have the link to the VOD?

Description

Time

  • Played on: June 12, 2015, 12:46 p.m.
  • Length: 1:50
Show
View Real Time Build Order
Export as new Build Order

IlIIlIlIlIIl Terran 

Build Orders:  

Get SALT Encoding   

  12  0:01  SCV  
  13  0:13  SCV  
  14  0:18  Supply Depot  
  14  0:26  SCV  
  15  0:41  Barracks  
  15  0:47  SCV  
  16  1:08  SCV  
  17  1:18  Command Center  
  17  1:26  SCV, Supply Depot  
  20  1:41  Refinery  
Show
View Real Time Build Order
Export as new Build Order

A.I. 2 (Easy) Zerg - Winner!

Build Orders:  

Get SALT Encoding   

Show
View Real Time Build Order
Export as new Build Order

A.I. 3 (Easy) Zerg - Winner!

Build Orders: Pool Only 

Get SALT Encoding   

  12  0:07  Overlord  
  12  0:12  Drone  
  13  0:32  Spawning Pool  
  13  0:34  Drone  
  13  0:38  Drone  
  14  0:43  Drone  
  14  0:45  Extractor  
  14  0:49  Drone  
  15  0:56  Drone  
  16  1:20  Zergling x2  
  19  1:28  Roach Warren  
  19  1:29  Drone  
  20  1:43  Extractor  
Tags
 
Add a new tag
Caveats
  • Supply blocks, unpowered buildings, or Contaminate may cause inaccurate times.
  • Supply counts are checked every 10 seconds.